 Dungeon Crawl Stone Soup version 0.30-a0-4-ga7cffc901d (webtiles) character file.

Game seed: 15092435269913755103

238 Armakuni the Covered (level 6, -10/46 HPs)
             Began as a Human Wanderer on Aug 20, 2022.
             Was an Initiate of Elyvilon.
             Mangled by an ogre
             ... wielding a +0 giant club
              (27 damage)
             ... on level 4 of the Dungeon.
             The game lasted 00:06:25 (3451 turns).

Armakuni the Covered (Human Wanderer)               Turns: 3451, Time: 00:06:26

Health: -10/46     AC: 12    Str: 10    XL:     6   Next: 28%
Magic:  7/7        EV: 10    Int: 13    God:    Elyvilon [......]
Gold:   216        SH:  0    Dex: 16    Spells: 7/7 levels left

rFire   . . .      SeeInvis .    a - +0 quarterstaff
rCold   . . .      Faith    .    (shield currently unavailable)
rNeg    . . .      Spirit   .    u - +0 ring mail
rPois   .          Reflect  .    p - +0 helmet
rElec   .          Harm     .    v - +0 cloak
rCorr   .          Rampage  .    f - +0 pair of gloves
Will    .....                    t - +1 pair of boots {Stlth+}
Stlth   ++........               (no amulet)
HPRegen 0.15/turn                (no ring)
MPRegen 0.10/turn                (no ring)

@: no status effects
A: no striking features
a: Renounce Religion


You were on level 4 of the Dungeon.
You worshipped Elyvilon.
Elyvilon was noncommittal.
You visited 1 branch of the dungeon, and saw 4 of its levels.

You collected 216 gold pieces.

Inventory:

Hand Weapons
 a - a +0 quarterstaff (weapon)
Missiles
 c - 2 boomerangs (quivered)
 i - 3 poisoned darts
 m - 5 silver boomerangs
Armour
 f - a +0 pair of gloves (worn)
 p - a +0 helmet (worn)
 t - a +1 pair of boots of stealth (worn)
 u - a +0 ring mail (worn)
 v - a +0 cloak (worn)
Magical Staves
 b - a staff of air
Scrolls
 e - a scroll of fog
 j - 2 scrolls of magic mapping
 x - a scroll of blinking
Potions
 d - a potion of degeneration {unknown}
 g - a potion of might {unknown}
 h - a potion of brilliance {unknown}
 k - a potion of invisibility {unknown}
 l - 2 potions of lignification {unknown}
 n - 2 potions of curing {unknown}
 o - a potion of flight {unknown}
 q - 2 potions of haste {unknown}
 r - 2 potions of heal wounds {unknown}
 s - a potion of mutation {unknown}
 w - 2 potions of berserk rage {unknown}


   Skills:
 - Level 2.8 Fighting
 - Level 1.0 Long Blades
 - Level 1.0(2.6) Maces & Flails
 + Level 4.0 Staves
 - Level 1.0 Throwing
 - Level 5.0 Armour
 - Level 1.0 Dodging
 - Level 1.0 Stealth
 - Level 1.0 Spellcasting
 + Level 1.5 Invocations
 - Level 1.0 Evocations


You had 7 spell levels left.
You didn't know any spells.
Your spell library was empty.

Dungeon Overview and Level Annotations

Branches:
Dungeon (4/15)
 Temple: D:4-7

Altars:
Cheibriados
Elyvilon
Kikubaaqudgha
Okawaru
Vehumet
Zin
The Shining One

Shops:
D:1 (   D:3 [

Annotations:
D:3 3 runed translucent doors, stazo's ghost, weakling DsFi


Message History

You throw a boomerang. The ogre shouts!
The boomerang hits the ogre but does no damage.
Throw: 2 boomerangs
Press: ? - help, Q - select action, (/) - cycle Shift-Dir - straight line, f/p - ogre
Aim: an ogre, wielding a +0 giant club (75% to hit)
You throw a boomerang. The boomerang hits the ogre.
The ogre is lightly wounded.
Throw: 2 boomerangs
Press: ? - help, Q - select action, (/) - cycle Shift-Dir - straight line, f - you Really target yourself?
Okay, then.
Throw: 2 boomerangs
Press: ? - help, Q - select action, (/) - cycle Shift-Dir - straight line, f - ogre
Aim: an ogre, wielding a +0 giant club (lightly wounded, 75% to hit)
You throw a boomerang. The boomerang barely misses the ogre.
Throw: 2 boomerangs
Press: ? - help, Q - select action, (/) - cycle Shift-Dir - straight line, f/p - ogre
Aim: an ogre, wielding a +0 giant club (lightly wounded, 75% to hit)
You throw a boomerang.
The boomerang completely misses the ogre.
The ogre hits you with a +0 giant club!
You hit the ogre.
The ogre is lightly wounded.
The ogre closely misses you.
You hit the ogre but do no damage.
The ogre is lightly wounded.
You hit the ogre.
The ogre is moderately wounded.
The ogre hits you with a +0 giant club!
You hit the ogre but do no damage.
The ogre is moderately wounded.
The ogre hits you but does no damage.
You hit the ogre.
The ogre is heavily wounded.
You hit the ogre but do no damage.
The ogre is heavily wounded.
The ogre hits you with a +0 giant club!!
Ouch! That really hurt!
You die...

#..........#...
#..........#...
#.............. #
#..........#...
#.#..........#.##
#.#######....# #
#.....)...##.#
##...........#
+.......@O..#
####..........##
.................
###############.##
... ... ...


You could see an ogre.

Vanquished Creatures
  A scorpion (D:3)
  Natasha (thrice) (D:3)
  2 adders (D:2)
  A gnoll (D:1)
  A shadow imp (D:4)
  A worm (D:2)
  4 dart slugs
  3 orcs
  9 ball pythons
  5 endoplasms
  4 giant cockroaches
  7 goblins
  4 hobgoblins
  2 quokkas (D:3)
  2 bats
  5 frilled lizards
  A kobold (D:1)
  10 rats
65 creatures vanquished.

Notes
Turn   | Place    | Note
-------+----------+-------------------------------------------
     0 | D:1      | Armakuni the Human Wanderer began the quest for the Orb.
     0 | D:1      | Armakuni set off with the following items: a +0 falchion, a
                  | +0 chain mail, 8 boomerangs, a +0 dagger, a scroll of fog.
     0 | D:1      | Reached XP level 1. HP: 13/13 MP: 2/2
    32 | D:1      | Reached skill level 1 in Fighting
    38 | D:1      | Reached XP level 2. HP: 8/21 MP: 3/3
   327 | D:1      | Found Aczeecergh's Antique Weapon Shoppe.
   450 | D:1      | Found a faded altar of an unknown god.
   636 | D:1      | Reached XP level 3. HP: 28/28 MP: 4/4
  1443 | D:2      | Reached skill level 1 in Maces & Flails
  1443 | D:2      | Reached XP level 4. HP: 33/34 MP: 5/5
  1632 | D:2      | Reached skill level 1 in Staves
  2216 | D:3      | Noticed a scorpion
  2230 | D:3      | Killed a scorpion
  2231 | D:3      | Reached skill level 1 in Dodging
  2231 | D:3      | Reached XP level 5. HP: 30/40 MP: 6/6
  2327 | D:3      | Noticed Natasha
  2336 | D:3      | Killed Natasha
  2434 | D:3      | Found a runed translucent gate.
  2435 | D:3      | Found a runed translucent gate.
  2435 | D:3      | Identified the +5 dagger of Destiny {elec, Drain rElec
                  | Will++ SInv}
  2435 | D:3      | Identified the +6 chain mail of the Hurtling Gods {MP-9
                  | Dex+5}
  2435 | D:3      | Noticed stazo's ghost (weakling DsFi)
  2436 | D:3      | Found a runed translucent gate.
  2605 | D:3      | Found Mawkeme Tigu's Armour Shop.
  2623 | D:3      | Found a radiant altar of Vehumet.
  2623 | D:3      | Found an iron altar of Okawaru.
  2645 | D:3      | Found a white marble altar of Elyvilon.
  2645 | D:3      | Found a glowing silver altar of Zin.
  2645 | D:3      | Found a snail-covered altar of Cheibriados.
  2645 | D:3      | Found an ancient bone altar of Kikubaaqudgha.
  2659 | D:3      | Became a worshipper of Elyvilon the Healer
  2752 | D:3      | Noticed Natasha
  2763 | D:3      | Killed Natasha
  2764 | D:3      | Reached XP level 6. HP: 36/46 MP: 7/7
  2918 | D:3      | Reached skill level 1 in Invocations
  2947 | D:3      | Noticed Natasha
  2957 | D:3      | Killed Natasha
  3035 | D:3      | Found a glowing golden altar of the Shining One.
  3428 | D:4      | Noticed an ogre
  3451 | D:4      | Mangled by an ogre

Illustrated notes

Levels and vault maps discovered:
D:1:      saegor_arrival_simple_b, layout_rooms, serial_shops, shop,
          hellmonk_ecumenical_altar_run_dry
D:2:      layout_basic, skrybe_limestone_x
D:3:      layout_basic, general_overflow_altar, grunt_temple_overflow_open,
          serial_shops, nicolae_diamond_shop, biasface_ghost_orc_armoury,
          minmay_cut_off, uniq_natasha
D:4:      layout_basic, guppyfry_shop_venom

Skill      XL: |  1  2  3  4  5  6 |
---------------+-------------------+-----
Fighting       | 1 2 |  2.8
Maces & Flails | 1 |  1.0
Staves         | 2 3 4 |  4.0
Dodging        | 1 |  1.0
Invocations    | 1 |  1.5
Long Blades    | |  1.0
Throwing       | |  1.0
Armour         | |  5.0
Stealth        | |  1.0
Spellcasting   | |  1.0
Evocations     | |  1.0

Action                   |  1- 3 |  4- 6 || total
-------------------------+-------+-------++-------
Melee: Falchion          |    25 |       ||    25
       Flail             |    21 |    95 ||   116
       Punch             |       |     1 ||     1
       Quarterstaff      |       |    25 ||    25
Throw: Boomerang         |    39 |    14 ||    53
  Use: Scroll            |       |     3 ||     3
 Stab: Distracted        |       |     1 ||     1
       Sleeping          |       |     1 ||     1
Armor: Ring mail         |       |    52 ||    52
       Scale mail        |       |     2 ||     2
Dodge: Dodged            |    21 |    65 ||    86

Table legend: (Time is in decaauts)
 A = Elapsed time spent in this place.
 B = Non-inter-level travel time spent in this place.
 C = Inter-level travel time spent in this place.
 D = Time resting spent in this place.
 E = Time spent auto-exploring this place.
 F = Levels seen in this place.
 G = Mean time per level.
                   A        B        C        D        E       F      G
               +--------+--------+--------+--------+--------+-----+--------+
         Total |   3527 |   3421 |    106 |    224 |   2492 |   4 |  881.8 |
       Dungeon |   3527 |   3421 |    106 |    224 |   2492 |   4 |  881.8 |
               +--------+--------+--------+--------+--------+-----+--------+

Top non-repeatable levels by time:
     D:3: 1302 daAuts
     D:1: 1133 daAuts
     D:2: 1028 daAuts
     D:4: 63 daAuts
